 Dungeon Crawl Stone Soup version 0.21.1-1-g345015f (webtiles) character file.

7004 grindst0ne the Fighter (level 10, 0/86 HPs)
             Began as a Demonspawn Chaos Knight on Feb 19, 2018.
             Slain by a sixfirhy (9 damage)
             ... summoned by Xom
             ... on level 2 of the Abyss.
             The game lasted 00:25:28 (10259 turns).

grindst0ne the Fighter (Demonspawn Chaos Knight)   Turns: 10259, Time: 00:25:28

Health: 0/86       AC:  8    Str: 14    XL:     10   Next: 82%
Magic:  0/14       EV: 19    Int: 16    God:    Xom [*.....]
Gold:   558        SH:  7    Dex: 19    Spells: 9/9 levels left

rFire    + . .     SeeInvis .   z - +2 flail (chaos)
rCold    + . .     Gourm    .   J - +0 buckler {reflect}
rNeg     . . .     Faith    .   b - +2 leather armour
rPois    .         Spirit   +   (helmet restricted)
rElec    .         Reflect  +   (no cloak)
rCorr    .         Harm     .   i - +0 pair of gloves
MR       .....     Clarity  +   E - +0 pair of boots
Stlth    ++........             (no amulet)
HPRegen  0.24/turn              G - ring of protection from fire
MPRegen  0.14/turn              u - +3 ring of evasion

@: agile, about to teleport
A: claws 2, horns 2, agile 1, clarity, cold resistance 1, wild magic 1,
evolution 1, magic shield
a: Renounce Religion


You were on level 2 of the Abyss.
You worshipped Xom.
You were a special plaything of Xom.
You were not hungry.

You visited 2 branches of the dungeon, and saw 10 of its levels.
You visited the Abyss 1 time.
You also visited: Volcano.

You collected 558 gold pieces.

Inventory:

Hand Weapons
 z - a +2 flail of chaos (weapon)
Armour
 a - a +0 chain mail
 b - a +2 leather armour (worn)
 i - a +0 pair of gloves (worn)
 E - a +0 pair of boots (worn)
 J - a +0 buckler of reflection (worn)
Jewellery
 f - an uncursed ring of loudness
 n - an uncursed ring of magical power
 u - a +3 ring of evasion (right hand)
 v - a +3 ring of dexterity
 G - a ring of protection from fire (left hand)
Wands
 h - a wand of acid (3)
 q - a wand of random effects (14)
 y - a wand of enslavement (10)
 A - a wand of flame (40)
Scrolls
 d - 4 scrolls of enchant armour
 e - a scroll of amnesia
 g - 3 scrolls of enchant weapon
 k - 2 scrolls of teleportation
 l - a scroll of immolation {unknown}
 m - 2 scrolls of random uselessness
 o - 2 scrolls of magic mapping {unknown}
 r - 2 scrolls of fog {unknown}
 B - 3 scrolls of fear {unknown}
Potions
 p - 4 potions of degeneration
 C - a potion of cancellation
 F - a potion of might
 H - a potion of resistance
 L - 2 potions of lignification
Books
 t - a book of Changes

   Spells                             Type                      Level
   a - Beastly Appendage              Transmutation                1
   b - Sticks to Snakes               Transmutation                2
   c - Spider Form                    Transmutation/Poison         3
   d - Ice Form                       Ice/Transmutation            4
   e - Blade Hands                    Transmutation                5
 D - a book of Air

   Spells                             Type                      Level
   a - Shock                          Conjuration/Air              1
   b - Swiftness                      Charms/Air                   2
   c - Static Discharge               Conjuration/Air              3
   d - Airstrike                      Air                          4
   e - Lightning Bolt                 Conjuration/Air              5
Comestibles
 c - 16 rations


   Skills:
 - Level 10.7 Fighting
   Level 5.3 Axes
 - Level 5.0 Armour
 - Level 1.0 Dodging
 * Level 8.2 Shields
 - Level 6.0 Evocations


You had 9 spell levels left.
You didn't know any spells.

Dungeon Overview and Level Annotations

Branches:
Dungeon (9/15)             Temple (0/1) D:7            Lair (1/6) D:9
    Orc: D:9-12

Altars:
Ashenzari
Cheibriados
Dithmenos
Elyvilon
Fedhas
Makhleb
Nemelex Xobeh
Okawaru
Qazlal
Ru
Sif Muna
Vehumet
Wu Jian
Xom
Zin
The Shining One


Innate Abilities, Weirdness & Mutations

You have very sharp fingernails.
Your flesh is cold resistant. (rC+)
When hurt, damage is shared between your health and your magic reserves.
You have a pair of horns on your head.
You are agile. (Dex +2)
You possess an exceptional clarity of mind.
Your spells are a little harder to cast, but a little more powerful.
You evolve.


Message History

The sixfirhy hits you but does no damage.
The sixfirhy barely misses you. x2
The sixfirhy hits you but does no damage.
A chorus of shrieks assaults your mind.
* * * LOW HITPOINT WARNING * * *
A chorus of shrieks assaults your mind.
* * * LOW HITPOINT WARNING * * *
All of the chunks of flesh in your inventory have rotted away. "Go forth and destroy!"
You feel agile all of a sudden.
You are now a special plaything of Xom.
The sixfirhy misses you. You block the sixfirhy's attack.
The sixfirhy barely misses you.
You feel better. A chorus of shrieks assaults your mind.
* * * LOW HITPOINT WARNING * * *
The sixfirhy hits you.
* * * LOW HITPOINT WARNING * * *
The sixfirhy shocks you!
You die...

# ###.##X#.#..#...
####..X##4#.....#
#ยง..X#.....#..#..
#..##.5.####..# .
.#...4......##
#..#.#.###..##
..#...#.#..# . .
#..#3#..# .
##..##@#.## #
#..#...#.#
...#...## .
#...##.. ## ###
.#. .#.# .. # .#


You could see a starcursed mass, an orange demon, a sixfirhy and a white imp.

Vanquished Creatures
  2 two-headed ogres
  The ghost of Frank the Slasher, a novice OpFi of Makhleb (D:5)
  A komodo dragon (Lair:1)
  A troll (D:9)
  2 hippogriffs
  3 flying skulls (Volcano)
  Grum (Lair:1)
  A steam dragon (D:8)
  Duvessa (D:5)
  2 water moccasins (Lair:1)
  A porcupine (Lair:1)
  A hornet zombie (D:6)
  A black bear (D:8)
  4 wolves (Lair:1)
  2 ogres (D:4)
  2 centaurs
  2 bullfrogs
  Dowan (D:5)
  A wyvern skeleton (D:7)
  4 scorpions
  4 wights (D:9)
  2 howler monkeys (D:7)
  3 electric eels (D:9)
  6 crimson imps
  A bullfrog zombie (D:6)
  2 quasits (D:7)
  A centaur skeleton (D:9)
  11 hounds
  A jelly (D:5)
  5 orc priests
  7 orc wizards
  2 bullfrog skeletons
  4 iguanas
  5 worker ants
  A hound skeleton (D:4)
  3 gnolls (D:5)
  9 adders
  2 shadow imps
  An ooze (D:5)
  An adder skeleton (D:4)
  An adder zombie (D:6)
  3 worms
  A dart slug (D:1)
  2 leopard geckos
  An orc (shapeshifter) (D:8)
  24 orcs
  7 giant cockroaches
  6 goblins
  13 hobgoblins
  10 jackals
  2 quokkas
  6 bats
  7 frilled lizards
  A jackal zombie (D:5)
  10 kobolds
  2 leopard gecko skeletons (D:8)
  9 rats
210 creatures vanquished.

Vanquished Creatures (collateral kills)
  A spriggan (D:7)
  2 ogres
  A wolf (D:9)
  A wight (D:9)
  A howler monkey (D:7)
  A jelly (D:7)
  A hound (D:4)
  4 gnolls (D:7)
  A shadow imp (D:7)
  An ooze (D:4)
14 creatures vanquished.

Vanquished Creatures (others)
  An orc (D:3)
1 creature vanquished.

Grand Total: 225 creatures vanquished

Notes
Turn   | Place    | Note
-------+----------+-------------------------------------------
     0 | D:1      | grindst0ne the Demonspawn Chaos Knight began the quest for the Orb.
     0 | D:1      | Reached XP level 1. HP: 18/18 MP: 1/1
    13 | D:1      | Reached skill level 1 in Dodging
   191 | D:1      | Gained mutation: Your flesh is cold resistant. (rC+) [demonic ancestry]
   191 | D:1      | Reached XP level 2. HP: 24/24 MP: 2/2
   450 | D:1      | Reached skill level 4 in Fighting
   699 | D:1      | Reached XP level 3. HP: 29/30 MP: 3/3
   979 | D:2      | Found a burning altar of Makhleb.
  1202 | D:2      | XOM: mild Erth miscast
  1290 | D:2      | Gained mutation: You have sharp fingernails. [demonic ancestry]
  1290 | D:2      | Reached XP level 4. HP: 28/38 MP: 4/4
  1309 | D:2      | Reached skill level 5 in Fighting
  1516 | D:2      | Found a sacrificial altar of Ru.
  1558 | D:2      | Found a radiant altar of Vehumet.
  1566 | D:2      | Found a shadowy altar of Dithmenos.
  1655 | D:2      | XOM: mild Hex miscast
  1887 | D:3      | XOM: enchant monster (good)
  1894 | D:3      | XOM: mild Ice miscast
  1984 | D:3      | XOM: divination: detect creatures
  2119 | D:3      | Found a white marble altar of Elyvilon.
  2140 | D:3      | Gained mutation: When hurt, damage is shared between your health and your magic reserves. [demonic ancestry]
  2140 | D:3      | Reached XP level 5. HP: 46/46 MP: 5/5
  2140 | D:3      | XOM: 2-stop teleportation journey
  2238 | D:3      | XOM: noise
  2417 | D:3      | Reached skill level 6 in Fighting
  2420 | D:3      | XOM: harmless Tloc miscast
  2623 | D:3      | XOM: give mutations
  2623 | D:3      | Gained mutation: You are resistant to hostile enchantments. (MR+) [Xom's grace]
  2623 | D:3      | Gained mutation: You evolve. [Xom's grace]
  2623 | D:3      | Gained mutation: You rapidly evolve. [Xom's grace]
  2623 | D:3      | Gained mutation: Your spells are a little harder to cast, but a little more powerful. [Xom's grace]
  2734 | D:4      | XOM: summons 5 friendly demons
  2743 | D:4      | Reached XP level 6. HP: 48/53 MP: 6/6
  2749 | D:4      | Found a blossoming altar of Fedhas.
  2782 | D:4      | Found an iron altar of Okawaru.
  2807 | D:4      | Reached skill level 7 in Fighting
  2969 | D:4      | XOM: god gift: 25 gold pieces
  2988 | D:4      | XOM: scenery: 2 doors open
  3042 | D:4      | Found a stormy altar of Qazlal.
  3042 | D:4      | Found a shattered altar of Ashenzari.
  3106 | D:5      | Entered Level 5 of the Dungeon
  3235 | D:5      | Gained mutation: You possess an exceptional clarity of mind. [evolution]
  3236 | D:5      | Reached skill level 8 in Fighting
  3236 | D:5      | Gained mutation: You have very sharp fingernails. [demonic ancestry]
  3236 | D:5      | Reached XP level 7. HP: 62/62 MP: 7/7
  3321 | D:5      | Found an ornate altar of the Wu Jian Council.
  3493 | D:5      | Noticed Duvessa
  3494 | D:5      | Noticed Dowan
  3497 | D:5      | XOM: enchant monster (good)
  3519 | D:5      | XOM: summons 3 friendly demons
  3527 | D:5      | Killed Duvessa
  3527 | D:5      | Reached skill level 9 in Fighting
  3528 | D:5      | Killed Dowan
  3584 | D:5      | XOM: summons 2 hostile demons
  3876 | D:5      | Noticed Frank's ghost (novice OpFi)
  3879 | D:5      | XOM: summons 3 hostile demons
  3880 | D:5      | Noticed an orange demon
  3882 | D:5      | XOM: swap monsters
  3897 | D:5      | XOM: summons 3 hostile demons
  3903 | D:5      | XOM: stat loss: -1 Str (12/13)
  4139 | D:4      | XOM: enchant monster (bad)
  4147 | D:4      | XOM: swap monsters
  4149 | D:4      | Reached XP level 8. HP: 71/72 MP: 8/8
  4157 | D:5      | XOM: severe Erth miscast
  4168 | D:5      | Killed Frank's ghost
  4168 | D:5      | Reached skill level 10 in Fighting
  4202 | D:5      | Gained mutation: Scrolls take you a little longer to read. [evolution]
  4649 | D:5      | XOM: severe Summ miscast
  4650 | D:5      | Noticed an orange demon
  4650 | D:5      | Noticed a soul eater
  4738 | D:5      | XOM: give mutations
  4738 | D:5      | Lost mutation: You rapidly evolve. [Xom's mischief]
  4738 | D:5      | Gained mutation: You are clumsy. (Dex -2) [Xom's mischief]
  4738 | D:5      | Lost mutation: You are clumsy. (Dex -2) [Xom's mischief]
  4738 | D:5      | Gained mutation: Scrolls take you longer to read. [Xom's mischief]
  4908 | D:6      | XOM: summons 4 hostile demons
  4925 | D:6      | XOM: polymorph white imp -> crimson imp
  4967 | D:6      | Found a deep blue altar of Sif Muna.
  5038 | D:6      | XOM: blink monster(s)
  5128 | D:6      | XOM: chaos upgrade
  5312 | D:6      | XOM: medium Fire miscast
  5480 | D:6      | Found a snail-covered altar of Cheibriados.
  5480 | D:6      | XOM: 3-stop teleportation journey
  5481 | D:6      | XOM: scenery: create altars
  5485 | D:6      | Reached skill level 1 in Evocations
  5529 | D:6      | Gained mutation: Your spells are harder to cast, but more powerful. [evolution]
  5707 | D:6      | XOM: god gift: scroll labeled RUACEU WORA {god gift}
  6150 | D:7      | Reached XP level 9. HP: 70/79 MP: 8/11
  6192 | D:7      | Lost mutation: Scrolls take you longer to read. [potion of mutation]
  6192 | D:7      | Lost mutation: Your spells are harder to cast, but more powerful. [potion of mutation]
  6192 | D:7      | Lost mutation: You are resistant to hostile enchantments. (MR+) [potion of mutation]
  6192 | D:7      | Lost mutation: Scrolls take you a little longer to read. [potion of mutation]
  6192 | D:7      | Gained mutation: You have a pair of small horns on your head. [potion of mutation]
  6197 | D:7      | XOM: summons 3 friendly demons
  6536 | D:7      | XOM: harmless Tmut miscast
  6562 | D:7      | XOM: 6-stop teleportation journey
  6613 | D:7      | Found a sparkling altar of Nemelex Xobeh.
  6702 | D:7      | Reached skill level 5 in Armour
  6702 | D:7      | Reached skill level 5 in Evocations
  6803 | D:7      | XOM: harmless Fire miscast
  7010 | D:7      | Found a glowing golden altar of the Shining One.
  7054 | D:7      | Found a staircase to the Ecumenical Temple.
  7273 | D:8      | XOM: god gift: 59 gold pieces
  7367 | D:8      | XOM: polymorph jackal -> river rat
  7606 | D:8      | XOM: summons friendly crimson imp
  7789 | D:8      | XOM: fake destruction
  7798 | D:8      | Reached skill level 1 in Shields
  7909 | D:8      | Noticed a two-headed ogre
  7919 | D:8      | Killed a two-headed ogre
  7919 | D:8      | Reached skill level 5 in Axes
  7919 | D:8      | Reached XP level 10. HP: 36/86 MP: 9/14
  7969 | D:8      | XOM: give mutations
  7969 | D:8      | Gained mutation: You are agile. (Dex +2) [Xom's grace]
  7969 | D:8      | Gained mutation: You have a pair of horns on your head. [Xom's grace]
  8140 | D:8      | XOM: scenery: create altars
  8279 | D:8      | XOM: cast spell 'Statue Form'
  8387 | D:9      | XOM: summons friendly white imp
  8597 | D:9      | XOM: summons friendly ufetubus
  8625 | D:9      | XOM: snakes to sticks
  8628 | D:9      | XOM: divination: detect creatures
  8636 | D:9      | XOM: polymorph hound -> worm
  8716 | D:8      | XOM: mild Tmut miscast
  8945 | D:9      | Found a glowing silver altar of Zin.
  9029 | D:9      | Noticed a two-headed ogre
  9033 | D:9      | XOM: enchant monster (bad)
  9034 | D:9      | XOM: smoke on damage
  9035 | D:9      | Killed a two-headed ogre
  9035 | D:9      | Reached skill level 5 in Shields
  9076 | D:9      | XOM: 3-stop teleportation journey
  9552 | D:9      | Found a staircase to the Lair.
  9586 | D:9      | XOM: summons 2 friendly demons
  9946 | Lair:1   | Entered Level 1 of the Lair of Beasts
  9981 | Lair:1   | XOM: harmless Hex miscast
 10002 | Lair:1   | Noticed Grum
 10003 | Lair:1   | XOM: enchant monster (good)
 10020 | Lair:1   | Killed Grum
 10042 | Lair:1   | XOM: 1-stop teleportation journey
 10080 | Lair:1   | Found a dark tunnel.
 10085 | Volcano  | Entered a volcano
 10166 | Volcano  | Noticed a skeletal warrior
 10172 | Volcano  | XOM: potion effect (heal wounds)
 10230 | Volcano  | Cast into level 2 of the Abyss (Xom)
 10231 | Abyss:2  | Found a corrupted altar of Lugonu.
 10236 | Abyss:2  | Noticed a starcursed mass
 10244 | Abyss:2  | XOM: summons 5 hostile demons
 10245 | Abyss:2  | Noticed an orange demon
 10245 | Abyss:2  | Noticed a sixfirhy
 10250 | Abyss:2  | Paralysed by accursed screaming for 1 turns
 10256 | Abyss:2  | XOM: potion effect (agility)
 10259 | Abyss:2  | Slain by a sixfirhy

Skill      XL: |  1  2  3  4  5  6  7  8  9 10 |
---------------+-------------------------------+-----
Dodging        | 1 |  1.0
Fighting       | 4 5 6 8 9 10 | 10.7
Armour         | 4 5 |  5.0
Evocations     | 3 6 |  6.0
Axes           | 5 |  5.3
Shields        | 2 8 |  8.2

Action                   |  1- 3 |  4- 6 |  7- 9 | 10-12 || total
-------------------------+-------+-------+-------+-------++-------
Melee: Hand axe          |    22 |       |       |       ||    22
       Whip              |   109 |   181 |   212 |       ||   502
       Flail             |       |       |   214 |   100 ||   314
       Headbutt          |       |       |    27 |    13 ||    40
Evoke: Wand              |       |       |     2 |    20 ||    22
  Use: Potion            |       |     1 |     8 |     7 ||    16
       Scroll            |       |       |     2 |    12 ||    14
 Stab: Invisible         |       |       |     2 |       ||     2
       Paralysed         |       |       |     4 |     1 ||     5
       Sleeping          |       |       |     1 |     1 ||     2
       Petrifying        |       |       |       |     1 ||     1
  Eat: Chunk             |     1 |     7 |    15 |     8 ||    31
Armor: Leather armour    |    80 |    32 |   161 |    45 ||   318
       Skin              |       |       |    90 |    19 ||   109
Dodge: Dodged            |    94 |   135 |   438 |   151 ||   818
Block: Buckler           |       |       |     1 |    49 ||    50
